 Dungeon Sprint DCSS version 0.29.1-12-g30fa7ad0bf (webtiles) character file.

Game seed: 11409198221728600142

7 112233 the Trooper (level 1, -2/18 HPs)
             Began as a Demonspawn Fighter on Dec 25, 2022.
             Succumbed to a scorpion's poison
             ... in the Dungeon (Sprint IX: "|||||||||||||||||||||||||||||").
             The game lasted 00:00:01 (37 turns).

112233 the Trooper (Demonspawn Fighter)               Turns: 37, Time: 00:00:02

Health: -2/18      AC:  6    Str: 16    XL:     1   Next: 83%
Magic:  1/1        EV:  8    Int:  9    God:
Gold:   0          SH:  4    Dex: 12    Spells: 0/0 levels left

rFire   . . .      SeeInvis .   a - +0 long sword
rCold   . . .      Faith    .   c - +0 buckler
rNeg    . . .      Spirit   .   b - +0 scale mail
rPois   .          Reflect  .   (no helmet)
rElec   .          Harm     .   (no cloak)
rCorr   .          Rampage  .   (no gloves)
Will    .....      NoTele   +   (no boots)
Stlth   ..........              (no amulet)
HPRegen 0.06/turn               (no ring)
MPRegen 0.07/turn               (no ring)

@: lethally poisoned (-2 -> -13)
A: no striking features
a: no special abilities


You were in the Dungeon.
You visited 1 branch

Inventory:

Hand Weapons
 a - a +0 long sword (weapon)
Armour
 b - a +0 scale mail (worn)
 c - a +0 buckler (worn)
Scrolls
 j - a scroll of blinking
Potions
 d - a potion of might
 e - a potion of curing
 f - a potion of heal wounds
 g - a potion of haste
 h - 2 potions of magic
 i - a potion of berserk rage


   Skills:
 + Level 3.6 Fighting
 + Level 2.1 Long Blades
 + Level 3.3 Armour
 + Level 3.2 Shields


You couldn't memorise any spells.
You didn't know any spells.
Your spell library was empty.

Dungeon Overview and Level Annotations

Branches:
Dungeon (1/1)

Altars:


Message History

A gnoll, a phantom, a quokka, a jackal and a scorpion come into view.
The gnoll shouts!
The jackal barks!
You hit the scorpion but do no damage.
The scorpion stings you but does no damage.
You block the scorpion's attack.
You hit the scorpion but do no damage. The scorpion stings you.
You hit the scorpion but do no damage. The scorpion barely misses you.
The jackal stops to sniff the ground.
The scorpion stings you but does no damage.
You hit the scorpion.
The scorpion is lightly wounded.
The scorpion barely misses you. x2
You hit the scorpion.
The scorpion is moderately wounded.
You block the scorpion's attack.
You barely miss the scorpion.
The scorpion is moderately wounded.
The scorpion stings you but does no damage. x2
You hit the scorpion but do no damage.
The scorpion is moderately wounded.
The scorpion barely misses you.
You hit the scorpion.
The scorpion is moderately wounded.
The scorpion stings you. x2
You barely miss the scorpion.
The scorpion is moderately wounded.
The scorpion stings you but does no damage.
You hit the scorpion but do no damage.
The scorpion is moderately wounded.
The scorpion stings you but does no damage.
The scorpion barely misses you.
You hit the scorpion.
The scorpion is heavily wounded.
The scorpion stings you.
* * * LOW HITPOINT WARNING * * *
You are lethally poisoned!
The scorpion poisons you! The scorpion barely misses you.
You hit the scorpion.
The scorpion is severely wounded.
You die... ▓▓▓▓▓▓▓▓▓▓▓▓▓▓▓▓▓▓ +.gWrhs@....†...<▓ ▓▓▓▓▓▓▓▓▓▓▓▓▓▓▓▓▓▓

You could see a phantom, a scorpion, a gnoll, a quokka and a jackal.

Vanquished Creatures
  An endoplasm (D)
  A giant cockroach (D)
  2 hobgoblins (D)
  A quokka (D)
5 creatures vanquished.

Notes
Turn   | Place    | Note
-------+----------+-------------------------------------------
     0 | D        | 112233 the Demonspawn Fighter began the quest for the Orb.
     0 | D        | Reached XP level 1. HP: 18/18 MP: 1/1
    25 | D        | Noticed a phantom
    25 | D        | Noticed a scorpion
    37 | D        | Succumbed to a scorpion's poison

Illustrated notes

Levels and vault maps discovered:
D:        linesprint [early_d, line_temple, items_1, d_10, items_2, lair_1,
          lair_end, items_3, orc_1, orc_end, items_4, d_15, swamp_1, shoals_1,
          snake_1, spider_1, d_20, vaults_1, items_5, swamp_end, shoals_end,
          snake_end, spider_end, vaults_end, d_27, items_6, zot_1, zot_end,
          crypt_end, forest_end, elf_end, slime_end, tomb_end, abyss_end,
          pan_hell_end]

Skill      XL: |  1 |
---------------+----+-----
Armour         | 3 |  3.3
Shields        | 3 |  3.2
Long Blades    | 2 |  2.1
Fighting       | |  3.6

Action                   || total
-------------------------++-------
Melee: Long sword        ||    27
Armor: Scale mail        ||    10
Dodge: Dodged            ||    12
Block: Buckler           ||     6
